 Dungeon Crawl Stone Soup version 0.30-a0-883-g5ad918d77d (webtiles) character file.

Game seed: 11841716512086336956

77 Pimp the Firebug (level 4, -1/24 (27) HPs)
             Began as an Octopode Fire Elementalist on Mar 16, 2023.
             Slain by Robin
             ... wielding a +5 whip of draining
              (2 damage)
             ... on level 2 of the Dungeon.
             The game lasted 00:04:18 (1593 turns).

Pimp the Firebug (Octopode Fire Elementalist)       Turns: 1593, Time: 00:04:19

HP:   -1/24 (27)    AC:  3    Str:  7    XL:     4   Next: 34%
MP:   0/7           EV: 13    Int: 19    God:
Gold: 42            SH:  0    Dex: 12    Spells: 4/7 levels left

rFire   + . .      SeeInvis .    i - staff of fire
rCold   + . .      Faith    .    (no shield)
rNeg    . . .      Spirit   .    (helmet restricted)
rPois   .          Reflect  .    (no amulet)
rElec   .          Rampage  .    (no ring)
rCorr   .                        (no ring)
Will    .....                    (no ring)
Stlth   +++                      (no ring)
HPRegen 0.24/turn                (no ring)
MPRegen 0.10/turn                (no ring)
                                 (no ring)
                                 (no ring)

@: very slightly contaminated, heavily drained
A: almost no armour, amphibious, 8 rings, camouflage 1, gelatinous body 1,
(nimble swimmer 1), tentacles, iridescent scales 1, cold resistance 1,
MP-powered wands
a: no special abilities


You were on level 2 of the Dungeon.
You visited 1 branch of the dungeon, and saw 2 of its levels.

You collected 42 gold pieces.

Inventory:

Hand Weapons
 f - a +2 spear of venom
Magical Staves
 i - a staff of fire (weapon)
Jewellery
 h - an amulet of the acrobat
Scrolls
 b - a scroll of silence {unknown}
 d - a scroll of identify {unknown}
 k - 2 scrolls of amnesia {unknown}
 l - 3 scrolls of teleportation {unknown}
Potions
 a - 2 potions of magic
 c - a potion of haste {unknown}
 e - a potion of berserk rage {unknown}
 g - a potion of mutation
 j - a potion of resistance {unknown}
 m - a potion of curing {unknown}


   Skills:
 + Level 2.5 Dodging
 + Level 3.5 Stealth
 + Level 2.4 Spellcasting
 + Level 1.8 Conjurations
 * Level 3.7 Fire Magic


You had 4 spell levels left.
You knew the following spells:

 Your Spells              Type           Power      Damage    Failure   Level
a - Foxfire               Conj/Fire      76%        2x1d7     5%          1
b - Scorch                Fire           48%        2d7       5%          2

Your spell library contained the following spells:

 Spells                   Type           Power      Damage    Failure   Level
 Inner Flame              Hex/Fire       14%        N/A       22%         3
 Kindle Blastsparks       Fire/Tloc/Air  20%        2d11      28%         3
 Summon Guardian Golem    Hex/Summ       2%         N/A       43%         3
 Flame Wave               Conj/Fire      19%        2d7       45%         4
 Orb of Destruction       Conj           4%         9d5       100%        7
 Spellforged Servitor     Conj/Summ      2%         N/A       100%        7


Dungeon Overview and Level Annotations

Branches:
Dungeon (2/15)

Altars:
Xom

Shops:
D:1 !

Annotations:
D:2 1 runed translucent door, Crazy Yiuf, Robin


Innate Abilities, Weirdness & Mutations

You cannot wear most types of armour.
You are amphibious.
You can wear up to eight rings at the same time.
Your skin changes colour to match your surroundings (Stealth+).
Your rubbery body absorbs attacks. (AC +1, EV +1)
((You are camouflaged when in or above water. (Stealth+)))
You have tentacles for arms and can constrict up to eight enemies at once.
You are partially covered in iridescent scales. (AC +2)
Your flesh is cold resistant. (rC+)
You expend magic power (3 MP) to strengthen your wands.


Message History

Casting: Foxfire (safe; 5% risk of failure)
Confirm with . or Enter, or press ? or * to list all spells.
You don't have enough magic to cast this spell.
There is a stone staircase leading up here.
You climb upwards.
There is a stone staircase leading down here.
You start resting.
Magic restored.
You climb downwards.
Level annotation: 1 runed translucent door, Crazy Yiuf, Robin Robin says, "My goblins will feast on your bones."
Robin roars a battlecry!
The goblins go into a battle-frenzy!
The hobgoblin hits you. The hobgoblin barely misses you.
There is a stone staircase leading up here.
Casting: Foxfire (safe; 5% risk of failure)
Confirm with . or Enter, or press ? or * to list all spells.
You feel a surge of power!
You miscast Scorch.
You are very lightly contaminated with residual magic.
Nothing appears to happen.
The hobgoblin hits you.
Robin hits you with a +5 whip of draining!
You feel drained.
Casting: Scorch (safe; 5% risk of failure)
Confirm with . or Enter, or press ? or * to list all spells.
You feel a surge of power!
Flames lash the hobgoblin.
You kill the hobgoblin!
Robin misses you.
Casting: Scorch (safe; 5% risk of failure)
Confirm with . or Enter, or press ? or * to list all spells.
You feel a surge of power!
Flames lash Robin.
Robin is severely wounded.
Robin's fire resistance burns away.
Robin throws the goblin at you!
Casting: Scorch (safe; 5% risk of failure)
Confirm with . or Enter, or press ? or * to list all spells.
You feel a surge of power!
You conjure some foxfire!
The goblin closely misses you.
Robin hits you with a +5 whip of draining!
* * * LOW HITPOINT WARNING * * *
You feel drained.
You die...

#...##..................#
.......##.............##...#
........#.##..#.#.###......#
.#####..#.##..#.#.###..#.####
#..#.......#.##...#.# #.
..................#.# #.
###.#..#..#....#####.###.
#.#.#...gv....## #.....
...####.......@>..#.######.####
.............gv................
####.##.......................#
###.##.#.#.#..................
#.....)........#.#.#.#######.#
#.#.##)#)#.#.###.#.#.# #.# #
#)#...........#.# #.#
#.#.#.#####.#.#.# #.#
#g#...........#.# #.#


You could see Robin (combustible, ally target) and a goblin (strong, ally
target).

Vanquished Creatures
  Jessica (D:2)
  An adder (D:2)
  A worm (D:2)
  2 ball pythons
  2 endoplasms (D:1)
  2 giant cockroaches
  6 goblins (D:2)
  8 hobgoblins
  2 quokkas
  3 bats
  4 frilled lizards
  2 kobolds
  3 rats
37 creatures vanquished.

Vanquished Creatures (others)
  57 foxfires
57 creatures vanquished.

Grand Total: 94 creatures vanquished

Notes
Turn   | Place    | Note
-------+----------+-------------------------------------------
     0 | D:1      | Pimp the Octopode Fire Elementalist began the quest for the
                  | Orb.
     0 | D:1      | Reached XP level 1. HP: 11/11 MP: 3/3
   184 | D:1      | Reached XP level 2. HP: 17/17 MP: 0/5
   546 | D:1      | Found a faded altar of an unknown god.
   985 | D:2      | Learned a level 2 spell: Scorch
  1051 | D:2      | Noticed Jessica
  1056 | D:2      | Gained mutation: You are partially covered in iridescent
                  | scales. (AC +2) [potion of mutation]
  1056 | D:2      | Gained mutation: You expend magic power (3 MP) to
                  | strengthen your wands. [potion of mutation]
  1056 | D:2      | Gained mutation: Your flesh is cold resistant. (rC+)
                  | [potion of mutation]
  1057 | D:2      | Killed Jessica
  1058 | D:2      | Reached XP level 3. HP: 7/21 MP: 2/6
  1337 | D:2      | Found a shimmering altar of Xom.
  1344 | D:2      | Reached XP level 4. HP: 26/27 MP: 3/7
  1397 | D:2      | Found a runed translucent door.
  1398 | D:2      | Noticed Crazy Yiuf
  1524 | D:2      | Noticed Robin
  1593 | D:2      | HP: 1/26 [Robin/+5 whip of draining (7)]
  1593 | D:2      | Slain by Robin

Illustrated notes

Levels and vault maps discovered:
D:1:      minmay_arrival_semitransparent, layout_loops_ring,
          hellmonk_ecumenical_altar_zigzags, serial_shops, shop,
          chequers_hall_statues_wall_a
D:2:      layout_basic, basic_altar, uniq_crazy_yiuf_cottage, uniq_robin,
          uniq_jessica

Skill      XL: |  1  2 |
---------------+-------+-----
Stealth        | 3 |  3.5
Dodging        | |  2.5
Spellcasting   | |  2.4
Conjurations   | |  1.8
Fire Magic     | |  3.7

Action                     |  1- 3 |  4- 6 || total
---------------------------+-------+-------++-------
  Melee: Unarmed           |    15 |       ||    15
         Constrict         |    10 |       ||    10
         Tentacles         |     5 |       ||     5
         Spear             |    11 |       ||    11
         Staff             |     7 |       ||     7
         Punch             |     1 |       ||     1
   Cast: Foxfire           |    28 |     9 ||    37
         Scorch            |     1 |     2 ||     3
    Use: Potion            |     1 |       ||     1
   Stab: Sleeping          |     6 |       ||     6
 Armour: Skin              |     7 |     2 ||     9
  Dodge: Dodged            |    34 |     3 ||    37

Table legend: (Time is in decaauts)
 A = Elapsed time spent in this place.
 B = Non-inter-level travel time spent in this place.
 C = Inter-level travel time spent in this place.
 D = Time resting spent in this place.
 E = Time spent auto-exploring this place.
 F = Levels seen in this place.
 G = Mean time per level.
                   A        B        C        D        E       F      G
               +--------+--------+--------+--------+--------+-----+--------+
         Total |   1595 |   1560 |     35 |    177 |   1041 |   2 |  797.5 |
       Dungeon |   1595 |   1560 |     35 |    177 |   1041 |   2 |  797.5 |
               +--------+--------+--------+--------+--------+-----+--------+

Top non-repeatable levels by time:
     D:1: 1000 daAuts
     D:2: 595 daAuts
